 Dungeon Crawl Stone Soup version 0.29-a0-757-g358383bc75 (webtiles) character file.

Game seed: 2590180263577891589

943 coolguy69 the Cutter (level 8, -8/42 HPs)
             Began as a Vine Stalker Monk on July 1, 2022.
             Was an Elder of Okawaru.
             Killed from afar by Dowan (15 damage)
             ... with a shard of ice
             ... on level 5 of the Dungeon.
             The game lasted 00:07:56 (5317 turns).

coolguy69 the Cutter (Vine Stalker Monk)            Turns: 5317, Time: 00:07:57

Health: -8/42      AC: 12    Str: 15    XL:     8   Next: 12%
Magic:  0/18       EV: 14    Int: 10    God:    Okawaru [****..]
Gold:   275        SH:  5    Dex: 18    Spells: 7/7 levels left

rFire   x . .      SeeInvis .   r - +2 dagger (venom)
rCold   + + .      Faith    .   p - +0 buckler
rNeg    . . .      Spirit   +   k - +1 ice dragon scales
rPois   .          Reflect  .   h - +0 helmet
rElec   .          Harm     .   (no cloak)
rCorr   .          Rampage  .   (no gloves)
Will    +....                   (no boots)
Stlth   +.........              (no amulet)
HPRegen 0.94/turn               n - +4 ring of evasion
MPRegen 0.16/turn               t - ring of magical power

@: no status effects
A: fangs 3, regeneration 1, magic shield, antimagic bite, no potion heal 2
a: Renounce Religion, Heroism, Finesse


You were on level 5 of the Dungeon.
You worshipped Okawaru.
Okawaru was greatly pleased with you.
You visited 2 branches of the dungeon, and saw 6 of its levels.

You collected 275 gold pieces.

Inventory:

Hand Weapons
 r - a +2 dagger of venom (weapon)
Armour
 h - a +0 helmet (worn)
 k - +1 ice dragon scales (worn)
 p - a +0 buckler (worn)
Jewellery
 n - a +4 ring of evasion (left hand)
 t - a ring of magical power (right hand)
Wands
 o - a wand of iceblast (2)
Scrolls
 e - a scroll of summoning
 f - 6 scrolls of teleportation
 g - a scroll of torment
 j - 2 scrolls of amnesia
Potions
 a - a potion of lignification {unknown}
 b - a potion of curing
 c - a potion of ambrosia
 i - 2 potions of attraction


   Skills:
 + Level 4.4 Fighting
 + Level 5.2 Short Blades
 + Level 2.9 Armour
 + Level 4.0 Dodging
 + Level 3.5 Stealth
 + Level 2.3 Shields


You had 7 spell levels left.
You didn't know any spells.
Your spell library contained the following spells:

 Spells                   Type           Power      Damage    Failure   Level
 Magic Dart               Conj           0%         1d3       95%         1
 Scorch                   Fire           0%         2d5       98%         2
 Searing Ray              Conj           0%         2d4       98%         2
 Stone Arrow              Conj/Erth      0%         3d7       100%        3
 Swiftness                Air            0%         N/A       100%        3
 Corpse Rot               Necr/Pois/Air  0%         N/A       100%        4
 Fulminant Prism          Conj/Hex       0%         3d6       100%        4
 Conjure Ball Lightning   Conj/Air       0%         3x3d6     100%        6
 Lehudib's Crystal Spear  Conj/Erth      0%         10d2      100%        8
 Animate Armour           Summ/Erth      Unusable   N/A       N/A         4

Dungeon Overview and Level Annotations

Branches:
Dungeon (5/15)             Temple (1/1) D:4

Altars:
Ashenzari
Cheibriados
Elyvilon
Fedhas
Gozag
Hepliaklqana
Makhleb
Nemelex Xobeh
Okawaru
Qazlal
Trog
Vehumet
Xom
Yredelemnul
The Shining One

Shops:
D:3 (   D:4 **

Annotations:
D:5 Dowan


Innate Abilities, Weirdness & Mutations

You have razor-sharp teeth.
Your natural rate of healing is unusually fast.
When hurt, damage is shared between your health and your magic reserves.
Your bite disrupts and absorbs the magic of your enemies.
Potions cannot restore your health.


Message History

The shard of ice hits you!! You partially resist.
Your Dodging skill increases to level 4!
As you read the scroll of fog, it crumbles to dust.
The scroll dissolves into smoke.
Dowan gestures wildly while chanting.
Dowan blinks!
Items here: ! ) ? [ †.
You are too injured to fight recklessly!
You are too injured to fight recklessly!
You are too injured to fight recklessly!
You hit Dowan. Your bite misses Dowan.
Dowan is lightly wounded.
You block Dowan's attack.
You hit Dowan.
Dowan is poisoned.
Your bite misses Dowan.
Dowan is lightly wounded.
You block Dowan's attack. Dowan hits you with a +0 lajatang.
You closely miss Dowan.
Dowan is lightly wounded.
You block Dowan's attack.
You barely miss Dowan. Your bite misses Dowan.
Dowan is lightly wounded.
Dowan hits you with a +0 lajatang!
You barely miss Dowan. You bite Dowan, but do no damage.
Dowan is lightly wounded.
Dowan points at you and mumbles some strange words.
The stone arrow hits you!
* * * LOW HITPOINT WARNING * * *
You closely miss Dowan.
Dowan is moderately wounded.
Dowan casts a spell.
Dowan blinks!
Unknown command.
Unknown command.
You fail to use your ability.
Dowan says, "How can I live without her?"
Dowan points at you and mumbles some strange words.
The stone arrow misses you. Dowan gestures at you while chanting.
The shard of ice hits you! You partially resist.
You die...

.......# ##.##.#.#.. # #.##...#
#.l........##. #..##..#
#.###.###.... #.##..##
#.#...§§#..######
##..##..####.#§§8§§#.....§Y##
..#..#....##.§§888§§...###.g# #
..##.##..†...#§§8§§#.#.##.l##.##
..##.).......#§§§§§#.......##...
..##...###.#####@#####.###.......
#.###..#..⌠..#..e..#)...(#.......
#.. ##.#.....#..(..#.....#...[...
##.##...⌠.⌠.⌠....................
.. >.#.....#.....#.....#.......
#..#..⌠..#.....#=....#.#.....
##.###.#####.#####.###!#.....
#.......#..#.. ..... .
###.....#.. ..#.......


You could see Dowan (fast, empowered, very poisoned).

Vanquished Creatures
  Duvessa (D:5)
  An ice beast (D:5)
  3 phantoms
  A necrophage (D:5)
  A killer bee (D:5)
  2 howler monkeys
  A hound (D:5)
  2 jellies
  3 iguanas
  Ijyb (D:5)
  8 adders
  A worm (D:2)
  2 dart slugs (D:3)
  2 orcs (D:3)
  6 ball pythons
  2 bats
  9 endoplasms
  3 giant cockroaches
  9 goblins
  6 hobgoblins
  3 jackals (D:2)
  7 quokkas
  6 frilled lizards
  11 kobolds
  3 rats (D:1)
94 creatures vanquished.

Vanquished Creatures (others)
  A plant (D:1)
1 creature vanquished.

Grand Total: 95 creatures vanquished

Notes
Turn   | Place    | Note
-------+----------+-------------------------------------------
     0 | D:1      | coolguy69 the Vine Stalker Monk began the quest for the
                  | Orb.
     0 | D:1      | Reached XP level 1. HP: 11/11 MP: 2/2
   229 | D:1      | Reached XP level 2. HP: 15/16 MP: 1/3
   785 | D:1      | Reached skill level 3 in Short Blades
  1027 | D:1      | Reached XP level 3. HP: 18/20 MP: 4/4
  1072 | D:1      | Noticed a shining eye
  1074 | D:1      | Found a faded altar of an unknown god.
  1075 | D:1      | Noticed a floating eye
  1075 | D:1      | Noticed a great orb of eyes
  1075 | D:1      | Noticed a floating eye
  3066 | D:3      | Gained mutation: Your natural rate of healing is unusually
                  | fast. [Vine Stalker growth]
  3066 | D:3      | Reached XP level 4. HP: 24/24 MP: 5/5
  3533 | D:3      | Reached XP level 5. HP: 24/28 MP: 2/6
  3582 | D:3      | Found Itunomm's Antique Weapon Emporium.
  4497 | D:4      | Found a staircase to the Ecumenical Temple.
  4501 | D:4      | Got the Volume of Heat and Weightlessness
  4522 | Temple   | Entered the Ecumenical Temple
  4544 | Temple   | Became a worshipper of Warmaster Okawaru
  4544 | Temple   | Reached * piety under Okawaru
  4544 | Temple   | Reached ** piety under Okawaru
  4582 | D:4      | Found Gocsieto's General Store.
  4594 | D:4      | Reached skill level 4 in Short Blades
  4594 | D:4      | Reached skill level 1 in Armour
  4621 | D:4      | Noticed a phantom
  4650 | D:4      | Killed a phantom
  4651 | D:4      | Reached skill level 1 in Shields
  4651 | D:4      | Reached XP level 6. HP: 15/32 MP: 5/7
  4665 | D:4      | Identified the +6 hand axe of Wyrd {vorpal, rCorr Str+3
                  | SInv Stlth+}
  4742 | D:4      | Found Pestrar's General Store.
  4994 | D:5      | Entered Level 5 of the Dungeon
  5000 | D:5      | Noticed an ice beast
  5008 | D:5      | Noticed Ijyb
  5028 | D:5      | Reached XP level 7. HP: 22/37 MP: 4/8
  5063 | D:5      | Reached *** piety under Okawaru
  5146 | D:5      | Killed Ijyb
  5239 | D:5      | Reached skill level 5 in Short Blades
  5239 | D:5      | Gained mutation: You have razor-sharp teeth. [Vine Stalker
                  | growth]
  5239 | D:5      | Reached XP level 8. HP: 42/42 MP: 8/9
  5290 | D:5      | Noticed Duvessa
  5292 | D:5      | Noticed Dowan
  5305 | D:5      | Killed Duvessa
  5305 | D:5      | Reached **** piety under Okawaru
  5317 | D:5      | Killed from afar by Dowan

Illustrated notes

Levels and vault maps discovered:
D:1:      dpeg_arrival_central, layout_loops_corners,
          hellmonk_ecumenical_altar_watching_god, serial_bayou_pond_b,
          hangedman_feature_mirror, grunt_decor_clamped
D:2:      layout_loops_cross, kennysheep_cross_room
D:3:      layout_loops_ring, serial_shops, nicolae_shop_stone,
          dk_noncrumbling_3, st_stairs_7, minmay_misc_feat_secret_circle,
          amcnicky_mini_rare_corridor_liquid
D:4:      layout_rooms, temple_green, serial_shops, shop, shop
D:5:      layout_rooms, minmay_chambers_of_fives, uniq_ijyb, uniq_duvessa
Temple:   grunt_wide_crystal_templ

Skill      XL: |  1  2  3  4  5  6  7  8 |
---------------+-------------------------+-----
Fighting       | 3 4 |  4.4
Short Blades   | 3 4 5 |  5.2
Stealth        | 3 |  3.5
Dodging        | 3 4 |  4.0
Armour         | 1 2 |  2.9
Shields        | 1 2 |  2.3

Action                   |  1- 3 |  4- 6 |  7- 9 || total
-------------------------+-------+-------+-------++-------
Melee: Short sword       |   110 |    85 |       ||   195
       Bite              |    31 |    57 |    36 ||   124
       Dagger            |       |    91 |    92 ||   183
  Use: Potion            |       |     5 |       ||     5
       Scroll            |       |     7 |     7 ||    14
 Stab: Sleeping          |     3 |     1 |       ||     4
Armor: Robe              |    19 |       |       ||    19
       Ring mail         |     1 |    41 |    22 ||    64
       Ice dragon scales |       |       |     5 ||     5
Dodge: Dodged            |    87 |   157 |    68 ||   312
Block: Buckler           |     1 |    35 |    22 ||    58

Table legend: (Time is in decaauts)
 A = Elapsed time spent in this place.
 B = Non-inter-level travel time spent in this place.
 C = Inter-level travel time spent in this place.
 D = Time resting spent in this place.
 E = Time spent auto-exploring this place.
 F = Levels seen in this place.
 G = Mean time per level.
                   A        B        C        D        E       F      G
               +--------+--------+--------+--------+--------+-----+--------+
         Total |   5262 |   4996 |    266 |    683 |   3511 |   6 |  877.0 |
       Dungeon |   5230 |   4974 |    256 |    683 |   3500 |   5 | 1046.0 |
        Temple |     31 |     22 |      9 |      0 |     11 |   1 |   31.0 |
               +--------+--------+--------+--------+--------+-----+--------+

Top non-repeatable levels by time:
     D:1: 1991 daAuts
     D:2: 1510 daAuts
     D:3: 960 daAuts
     D:4: 466 daAuts
     D:5: 302 daAuts
  Temple: 31 daAuts
